 Dungeon Crawl Stone Soup version 0.30-a0-377-g5cb311bc9f (webtiles) character file.

Game seed: 16681707826702865582

74 qeuew the Shield-Bearer (level 4, 0/37 HPs)
             Began as a Formicid Fighter on Nov 28, 2022.
             Slain by Crazy Yiuf
             ... wielding a +4 quarterstaff of chaos
              (4 damage)
             ... while petrified by Crazy Yiuf
             ... on level 2 of the Dungeon.
             The game lasted 00:01:17 (1424 turns).

qeuew the Shield-Bearer (Formicid Fighter)          Turns: 1424, Time: 00:01:18

Health: 0/37       AC:  7    Str: 21    XL:     4   Next: 54%
Magic:  1/4        EV:  2    Int:  7    God:
Gold:   88         SH:  0    Dex: 15    Spells: 3/3 levels left

rFire   . . .      SeeInvis +    a - +0 war axe
rCold   . . .      Faith    .    c - +0 buckler
rNeg    + + +      Spirit   .    b - +0 scale mail
rPois   ∞          Reflect  .    (helmet unavailable)
rElec   .          Harm     .    (no cloak)
rCorr   .          Rampage  .    (no gloves)
Will    .....                    (no boots)
Stlth   ..........               (no amulet)
HPRegen 0.26/turn                (no ring)
MPRegen 0.09/turn                (no ring)

@: petrified, invisible
A: permanent stasis, dig shafts and tunnels, antennae 3, four strong arms
a: Dig, Shaft Self


You were on level 2 of the Dungeon.
You visited 1 branch of the dungeon, and saw 2 of its levels.

You collected 88 gold pieces.

Inventory:

Hand Weapons
 a - a +0 war axe (weapon)
Armour
 b - a +0 scale mail (worn)
 c - a +0 buckler (worn)
Wands
 m - a wand of polymorph (13)
Scrolls
 f - a scroll of brand weapon {unknown}
 g - a scroll of fear
 h - a scroll of butterflies {unknown}
 i - a scroll of magic mapping {unknown}
 j - a scroll of identify
 o - a scroll of noise {unknown}
Potions
 d - a potion of might
 e - a potion of magic {unknown}
 k - a potion of cancellation {unknown}
 l - 2 potions of flight {unknown}
 n - a potion of heal wounds {unknown}


   Skills:
 + Level 3.7 Fighting
 + Level 2.5 Axes
 + Level 3.8 Armour
 + Level 1.2 Dodging
 + Level 4.5 Shields
 + Level 0.6 Evocations


You had 3 spell levels left.
You didn't know any spells.
Your spell library was empty.

Dungeon Overview and Level Annotations

Branches:
Dungeon (2/15)

Altars:

Annotations:
D:2 Crazy Yiuf


Innate Abilities, Weirdness & Mutations

You cannot be hasted, slowed, berserked, paralysed or teleported.
You can dig through walls and to a lower floor.
You have a pair of large antennae on your head. (SInv)
Your four strong arms can wield two-handed weapons with a shield.


Message History

Things that are here:
a +2 spectral club; a +0 leather armour; the goblin corpse of Ijyb You see here a +0 club.
You see here a +2 antimagic dagger.
There is a stone staircase leading up here.
There is a stone staircase leading down here.
You see here 4 stones.
Crazy Yiuf shouts!
Crazy Yiuf says, "Crazy?
Crazy!?
PORCUPINE!"
Could not explore, unopened runed door.
Could not explore, unopened runed door.
Could not explore, unopened runed door.
No reachable target in view!
You open the door.
Crazy Yiuf grits, "Proton!
You hog alas."
You hit Crazy Yiuf.
Crazy Yiuf is lightly wounded.
Crazy Yiuf hits you with a +4 quarterstaff of chaos.
Crazy Yiuf draws strength from your wounds!
Crazy Yiuf hits you with a +4 quarterstaff of chaos.
You are slowing down.
You slash Crazy Yiuf!
Crazy Yiuf is heavily wounded.
You block Crazy Yiuf's attack.
Crazy Yiuf hits you with a +4 quarterstaff of chaos!
You fade into invisibility!
You have turned to stone.
Crazy Yiuf laughs, "Castle bag mobile!"
Crazy Yiuf hits you with a +4 quarterstaff of chaos!
You feel your power leaking away.
Crazy Yiuf hits you with a +4 quarterstaff of chaos!
Crazy Yiuf burns you.
* * * LOW HITPOINT WARNING * * *
Crazy Yiuf hits you with a +4 quarterstaff of chaos!
* * * LOW HITPOINT WARNING * * *
Crazy Yiuf hits you with a +4 quarterstaff of chaos!
* * * LOW HITPOINT WARNING * * *
Your stasis prevents you from being hasted.
Crazy Yiuf hits you with a +4 quarterstaff of chaos!
You die...

#...<..............
#########.###.#####
##.###.# #####
#......# #..)#
######## #...# ...
#g# ♣♣@♣ ♣.♣♣ ♣♣.♣
♣.♣♣ ♣♣.♣ ♣..♣♣♣
♣....♣ #....# ##
#....# #.


You could see Crazy Yiuf (unable to see you).

Vanquished Creatures
  Ijyb (D:2)
  A worm (D:2)
  5 bats (D:2)
  3 endoplasms
  A giant cockroach (D:2)
  8 goblins
  5 hobgoblins
  3 quokkas
  4 ball pythons
  3 frilled lizards
  5 kobolds
  4 rats
43 creatures vanquished.

Notes
Turn   | Place    | Note
-------+----------+-------------------------------------------
     0 | D:1      | qeuew the Formicid Fighter began the quest for the Orb.
     0 | D:1      | Reached XP level 1. HP: 18/18 MP: 1/1
    81 | D:1      | Reached XP level 2. HP: 23/24 MP: 2/2
   630 | D:2      | Reached XP level 3. HP: 28/29 MP: 3/3
   768 | D:2      | Identified the +0 pair of gloves "Qerin" {*Corrode rPois
                  | Dex+4 Stlth+}
   923 | D:2      | Found a runed translucent door.
   924 | D:2      | Noticed Crazy Yiuf
  1016 | D:2      | Reached skill level 1 in Dodging
  1211 | D:2      | Noticed Ijyb
  1219 | D:2      | Reached XP level 4. HP: 18/37 MP: 4/4
  1227 | D:2      | Killed Ijyb
  1424 | D:2      | Slain by Crazy Yiuf

Illustrated notes

Levels and vault maps discovered:
D:1:      matt_arrival_grand_opening, layout_basic, dreamdust_mushroom_princess
D:2:      kennysheep_the_goblin_king, layout_loops_cross,
          uniq_crazy_yiuf_cottage

Skill      XL: |  1  2  3 |
---------------+----------+-----
Dodging        | 1 |  1.2
Fighting       | |  3.7
Axes           | |  2.5
Armour         | |  3.8
Shields        | |  4.5
Evocations     | |  0.6

Action                   |  1- 3 |  4- 6 || total
-------------------------+-------+-------++-------
Melee: War axe           |    93 |    12 ||   105
  Use: Scroll            |     2 |       ||     2
Armor: Scale mail        |    48 |       ||    48
       Skin              |       |    14 ||    14
Dodge: Dodged            |    38 |     1 ||    39
Block: Buckler           |    34 |     3 ||    37

Table legend: (Time is in decaauts)
 A = Elapsed time spent in this place.
 B = Non-inter-level travel time spent in this place.
 C = Inter-level travel time spent in this place.
 D = Time resting spent in this place.
 E = Time spent auto-exploring this place.
 F = Levels seen in this place.
 G = Mean time per level.
                   A        B        C        D        E       F      G
               +--------+--------+--------+--------+--------+-----+--------+
         Total |   1469 |   1456 |     13 |      9 |   1152 |   2 |  734.5 |
       Dungeon |   1469 |   1456 |     13 |      9 |   1152 |   2 |  734.5 |
               +--------+--------+--------+--------+--------+-----+--------+

Top non-repeatable levels by time:
     D:2: 874 daAuts
     D:1: 595 daAuts
